 Dungeon Crawl Stone Soup version 0.28.0 (webtiles) character file.

Game seed: 12602225856938112390

2929 croobank the Summoner (level 9, -5/43 HPs)
             Began as a Vine Stalker Summoner on Feb 5, 2022.
             Was an Initiate of Yredelemnul.
             Slain by a vampire (9 damage)
             ... on level 6 of the Dungeon.
             The game lasted 00:46:53 (6763 turns).

croobank the Summoner (Vine Stalker Summoner)       Turns: 6763, Time: 00:46:54

Health: -5/43      AC:  5    Str: 17    XL:     9   Next: 79%
Magic:  0/22       EV: 13    Int: 19    God:    Yredelemnul [......]
Gold:   249        SH:  0    Dex: 15    Spells: 8/24 levels left

rFire   . . .      SeeInvis +   a - +1 trident (venom)
rCold   . . .      Faith    +   (no shield)
rNeg    . . .      Spirit   +   d - +0 robe
rPois   .          Reflect  .   v - +2 hood of the Assassin {Detection Stab+ Stlth++}
rElec   .          Harm     .   (no cloak)
rCorr   .          Rampage  .   h - +0 pair of gloves
Will    +....                   (no boots)
Stlth   +++++.....              l - amulet of faith
HPRegen 0.94/turn               u - ring of Beint {Str+6 SInv}
MPRegen 0.18/turn               (no ring)

@: about to teleport
A: fangs 3, regeneration 1, magic shield, antimagic bite, no potion heal 2
a: Renounce Religion, Recall Undead Harvest


You were on level 6 of the Dungeon.
You worshipped Yredelemnul.
Yredelemnul was noncommittal.
You visited 1 branch of the dungeon, and saw 6 of its levels.
You also visited: Sewer.

You collected 249 gold pieces.

Inventory:

Hand Weapons
 a - a +1 trident of venom (weapon)
 b - a +0 hunting sling
 t - a +0 war axe
 A - a +0 flail of protection
 B - a +2 dagger of electrocution
Missiles
 c - 194 stones
 k - 81 arrows
 o - 10 poisoned darts
 p - 17 sling bullets
Armour
 d - a +0 robe (worn)
 e - a +0 ring mail
 g - a +0 crystal plate armour
 h - a +0 pair of gloves (worn)
 n - a +1 ring mail of fire resistance
 v - the +2 hood of the Assassin (worn) {Detection Stab+ Stlth++}
   (You found it on level 5 of the Dungeon)

   It allows the wearer to sense nearby creatures.
   It allows the wearer to make particularly effective stabbing attacks against
   helpless or unaware enemies with any weapon.
   Stlth:     It makes you much more stealthy.
Jewellery
 l - an amulet of faith (around neck)
 u - the ring of Beint (left hand) {Str+6 SInv}
   (You found it on level 5 of the Dungeon)

   [ring of strength]

   Str:       It affects your strength (+6).
   SInv:      It lets you see invisible.
Scrolls
 j - 2 scrolls of teleportation
 m - a scroll of fear
 q - a scroll of fog
 r - a scroll of noise {unknown}
 x - a scroll of enchant armour {unknown}
 y - a scroll of silence {unknown}
 z - a scroll of immolation {unknown}
Potions
 f - a potion of curing
 D - a potion of cancellation {unknown}
 E - a potion of resistance {unknown}


   Skills:
 + Level 2.7 Fighting
 + Level 0.3 Short Blades
 + Level 4.4 Polearms
 + Level 3.1 Dodging
 + Level 4.9 Stealth
 + Level 8.1 Spellcasting
 + Level 1.6 Hexes
 + Level 8.1 Summonings


You had 8 spell levels left.
You knew the following spells:

 Your Spells              Type           Power      Damage    Failure   Level
a - Summon Small Mammal   Summ           100%       N/A       1%          1
b - Call Imp              Summ           38%        N/A       1%          2
c - Call Canine Familiar  Summ           38%        N/A       1%          3
d - Summon Guardian Gole  Hex/Summ       26%        N/A       3%          3
e - Summon Lightning Spi  Summ/Air       23%        N/A       17%         4
f - Mephitic Cloud        Conj/Pois/Air  7%         N/A       26%         3

Your spell library contained the following spells:

 Spells                   Type           Power      Damage    Failure   Level
 Magic Dart               Conj           28%        1d4       9%          1
 Ignite Poison            Fire/Tmut/Pois 7%         N/A       26%         3
 Freezing Cloud           Conj/Ice/Air   3%         6-21      94%         5


Dungeon Overview and Level Annotations

Branches:
Dungeon (6/15)             Temple (0/1) D:6           Sewer (visited)

Altars:
Elyvilon
Makhleb
Nemelex Xobeh
Okawaru
Qazlal
Vehumet
Wu Jian
Yredelemnul

Shops:
D:6 (


Innate Abilities, Weirdness & Mutations

You have razor-sharp teeth.
Your natural rate of healing is unusually fast.
When hurt, damage is shared between your health and your magic reserves.
Your bite disrupts and absorbs the magic of your enemies.
Potions cannot restore your health.


Message History

The vampire hits you! The vampire misses you.
You hit the vampire but do no damage. You bite the vampire.
The vampire's magic leaks into the air.
You drain its magic.
You feel invigorated.
The vampire is heavily damaged.
The vampire gestures at you while chanting.
You are confused.
You bump into the rock wall.
The vampire barely misses you. The vampire misses you.
You hit the vampire but do no damage. Your bite misses the vampire.
The vampire is heavily damaged.
The vampire hits you! The vampire bites you.
The vampire draws strength from your injuries!
You bump into the rock wall.
The vampire hits you but does no damage.
The vampire misses you. The vampire hits you. The vampire closely misses you.
You're too confused to move!
The vampire hits you! The vampire barely misses you.
You bump into the rock wall.
The vampire barely misses you. The vampire bites you.
The vampire draws strength from your injuries!
You hit the vampire but do no damage. You bite the vampire, but do no damage.
The vampire is moderately damaged.
You feel less confused.
The vampire's magic is no longer disrupted.
The vampire hits you!
* * * LOW HITPOINT WARNING * * *
The vampire bites you!
* * * LOW HITPOINT WARNING * * *
The vampire draws strength from your injuries!
Okay, then.
You can't see any enemies this would affect, really read the scroll of fear?
Okay, then.
Okay, then.
Okay, then.
As you read the scroll of teleportation, it crumbles to dust.
You feel strangely unstable. The vampire hits you!
You die...
Your body rises from the dead as a mindless zombie.

##...####...###.## #ZZ{...###.
##...........###.# #{Z........
#.....8.8.8....#.# ##Z..#.####
)......⌠.⌠.......######........##
.[[...8.>.8........[))..Z........
[[.....⌠.⌠....)..######.#.#....##
#.....8.8.8.##.#.# #.#.##.#.#
##..........##)#V# #.#..###.#
##...###.###...@# #.##.###.#
##'## #Z# #..### #........# #.#
#.# #..# ####.##### #Z# #Z###..#
#Z# ####Z####......# #Z######
ZZ.{.....####.## #.Z{.{ZZ
##{....#......# ########
###...######### # ##.##


You could see a vampire.

Vanquished Creatures
  A troll (D:6)
  Sigmund (D:6)
  Edmund (D:5)
  A water moccasin (D:5)
  2 ogres (D:5)
  A kobold brigand (D:6)
  A bullfrog (D:6)
  2 scorpions
  A howler monkey (D:5)
  A water moccasin skeleton (D:4)
  4 orc priests
  A centaur skeleton (D:6)
  An iguana (D:5)
  2 orc wizards (D:5)
  A hound zombie (D:5)
  A hound skeleton (D:4)
  9 adders
  2 river rats (D:6)
  2 adder skeletons (D:4)
  A worm (D:2)
  16 orcs
  3 bats
  2 endoplasms (D:2)
  A giant cockroach (D:3)
  3 goblins
  3 hobgoblins
  A quokka (D:2)
  3 ball pythons
  A frilled lizard (D:2)
  4 kobolds
  5 rats
78 creatures vanquished.

Vanquished Creatures (collateral kills)
  Pargi (Sewer)
  A black bear (D:5)
  2 ice beasts
  An ogre (D:5)
  A necrophage (D:4)
  A phantom (D:5)
  A killer bee (D:6)
  A jelly (D:6)
  A crimson imp (D:4)
  A centaur skeleton (D:4)
  An orc priest (D:5)
  A bullfrog skeleton (D:5)
  2 iguanas
  A scorpion zombie (D:5)
  A howler monkey skeleton (D:6)
  6 adders
  6 gnolls
  A river rat (D:6)
  An ufetubus (D:4)
  4 worms
  15 orcs
  6 ball pythons
  4 endoplasms
  8 giant cockroaches
  8 hobgoblins
  8 kobolds
  5 bats
  A frilled lizard (D:1)
  5 goblins
  4 rats
99 creatures vanquished.

Vanquished Creatures (others)
  A necrophage (D:4)
  2 ogres
  A troll zombie (D:6)
  A spectral ice beast (D:6)
  A bullfrog zombie (D:6)
  A black bear zombie (D:5)
  A scorpion zombie (D:6)
  2 ogre zombies
  An adder (D:6)
  2 human zombies
  6 adder zombies
  6 kobold zombies (D:6)
  18 orc zombies
  2 rat zombies (D:6)
  A river rat zombie (D:6)
46 creatures vanquished.

Grand Total: 223 creatures vanquished

Notes
Turn   | Place    | Note
-------+----------+-------------------------------------------
     0 | D:1      | croobank the Vine Stalker Summoner began the quest for the
                  | Orb.
     0 | D:1      | Reached XP level 1. HP: 9/9 MP: 4/4
   347 | D:1      | Reached XP level 2. HP: 13/13 MP: 0/6
   352 | D:1      | Learned a level 2 spell: Call Imp
   759 | D:1      | Reached XP level 3. HP: 13/16 MP: 7/7
   763 | D:1      | Learned a level 3 spell: Call Canine Familiar
  1939 | D:2      | Gained mutation: Your natural rate of healing is unusually
                  | fast. [Vine Stalker growth]
  1939 | D:2      | Reached XP level 4. HP: 13/21 MP: 6/9
  2650 | D:3      | Found a white marble altar of Elyvilon.
  2655 | D:3      | Learned a level 3 spell: Summon Guardian Golem
  2839 | D:3      | Reached XP level 5. HP: 25/25 MP: 1/11
  2842 | D:3      | Reached skill level 5 in Summonings
  3293 | D:4      | Reached skill level 1 in Fighting
  3356 | D:4      | Reached XP level 6. HP: 30/30 MP: 4/13
  3365 | D:4      | Noticed a necrophage
  3375 | D:4      | Killed a necrophage
  3376 | D:4      | Reached skill level 1 in Polearms
  3436 | D:4      | Noticed a necrophage
  3457 | D:4      | Killed a necrophage
  3576 | D:4      | Reached XP level 7. HP: 33/33 MP: 13/15
  3581 | D:4      | Learned a level 4 spell: Summon Lightning Spire
  3607 | D:4      | Found a stormy altar of Qazlal.
  3706 | D:4      | Found an iron altar of Okawaru.
  3946 | D:4      | Found a large runed translucent door.
  3954 | D:4      | Found a large runed translucent door.
  3964 | D:4      | Found a basalt altar of Yredelemnul.
  3969 | D:4      | Became a worshipper of Yredelemnul the Dark
  3994 | D:4      | Found a sparkling altar of Nemelex Xobeh.
  4111 | D:4      | Found a radiant altar of Vehumet.
  4111 | D:4      | Found a burning altar of Makhleb.
  4119 | D:4      | Reached * piety under Yredelemnul
  4119 | D:4      | Reached skill level 5 in Spellcasting
  4323 | D:4      | Learned a level 3 spell: Mephitic Cloud
  4408 | D:5      | Entered Level 5 of the Dungeon
  4439 | D:5      | Reached skill level 1 in Hexes
  4454 | D:5      | Found an ornate altar of the Wu Jian Council.
  4623 | D:5      | Gained mutation: You have razor-sharp teeth. [Vine Stalker
                  | growth]
  4623 | D:5      | Reached XP level 8. HP: 37/37 MP: 4/17
  4718 | D:5      | Identified the ring of Beint {Str+6 SInv}
  4747 | D:5      | Found the +2 hood of the Assassin {Detection Stab+ Stlth++}
  5333 | D:5      | Noticed Edmund
  5352 | D:5      | Killed Edmund
  5499 | D:5      | Reached ** piety under Yredelemnul
  5545 | D:5      | Your ally Edmund died
  5554 | D:5      | Reached XP level 9. HP: 23/42 MP: 0/20
  5830 | D:6      | Found Wibil's Weapon Shop.
  5880 | D:6      | Found a staircase to the Ecumenical Temple.
  5969 | D:6      | Reached *** piety under Yredelemnul
  6033 | D:6      | Found a glowing drain.
  6044 | Sewer    | Entered a sewer
  6076 | Sewer    | Noticed Pargi
  6090 | Sewer    | Killed Pargi
  6440 | D:6      | Noticed a troll
  6441 | D:6      | Noticed Sigmund
  6494 | D:6      | Killed a troll
  6502 | D:6      | Killed Sigmund
  6650 | D:6      | Your ally Sigmund died
  6763 | D:6      | Slain by a vampire

Illustrated notes

Levels and vault maps discovered:
D:1:      minmay_arrival_solitary_statue, layout_loops_ring
D:2:      layout_basic
D:3:      layout_rooms, mainiacjoe_overflow_brackets,
          chequers_serial_rivers_micro_a, lemuel_flame_loot_1
D:4:      layout_cave_pools, grunt_temple_overflow_lords_of_destruction,
          okawaru_altar_gauntlet_db, lemuel_doored_altar, jmf_multi_god_temple2,
          kennysheep_nub
D:5:      wad_crossroads, layout_loops_ring, nzn_wu_jian_contemplation,
          uniq_edmund
D:6:      layout_loops_corners, minmay_temple_entry_statues_fountains,
          lightli_sewer_entry_pipes, serial_shops, shop, minmay_joined_circles,
          uniq_sigmund

Skill      XL: |  1  2  3  4  5  6  7  8  9 |
---------------+----------------------------+-----
Spellcasting   | 3 4 5 6 8 |  8.1
Dodging        | 2 3 |  3.1
Summonings     | 5 6 7 8 |  8.1
Fighting       | 1 2 |  2.7
Polearms       | 1 3 4 |  4.4
Stealth        | 3 4 |  4.9
Hexes          | 1 |  1.6
Short Blades   | |  0.3

Action                   |  1- 3 |  4- 6 |  7- 9 || total
-------------------------+-------+-------+-------++-------
Melee: Unarmed           |     8 |       |       ||     8
       Dagger            |    19 |       |       ||    19
       Trident           |    21 |    41 |   181 ||   243
       Bite              |     7 |     7 |    51 ||    65
       Punch             |       |       |     4 ||     4
 Cast: Summon Small Mamm |    31 |    22 |    24 ||    77
       Call Imp          |    10 |     9 |    18 ||    37
       Call Canine Famil |     3 |     7 |    32 ||    42
       Summon Guardian G |       |     3 |     9 ||    12
       Summon Lightning  |       |       |     1 ||     1
  Use: Potion            |     1 |       |     1 ||     2
       Scroll            |     1 |       |     9 ||    10
 Stab: Sleeping          |     3 |       |    11 ||    14
Armor: Robe              |     9 |    15 |    70 ||    94
Dodge: Dodged            |    37 |    63 |   158 ||   258
